 Dungeon Crawl Stone Soup version 0.25.1-2-g60ff931df9 (webtiles) character file.

Game seed: 9928311994593558079

71803 lorenzova the Eclecticist (level 14, -1/68 HPs)
             Began as a Deep Elf Conjurer on Sept 16, 2020.
             Was the Champion of Vehumet.
             Hit by a large rock thrown by a stone giant (10 damage)
             ... on level 2 of the Orcish Mines.
             The game lasted 01:31:05 (29826 turns).

lorenzova the Eclecticist (Deep Elf Conjurer)      Turns: 29826, Time: 01:31:05

Health: -1/68      AC: 19    Str:  8    XL:     14   Next: 99%
Magic:  40/47      EV: 11    Int: 27    God:    Vehumet [******]
Gold:   1935       SH:  0    Dex: 15    Spells: 18/50 levels left

rFire    + + +     SeeInvis +   G - +5 quarterstaff of Reapportionment {vorpal, rF++ Str+3 Int-2 SInv}
rCold    . . .     Gourm    .   (shield currently unavailable)
rNeg     . . .     Faith    .   O - +7 ring mail "Zegeqiu" {+Blink}
rPois    +         Spirit   .   n - +1 helmet {Int+3}
rElec    .         Reflect  .   J - +1 cloak
rCorr    .         Harm     .   (no gloves)
MR       +....                  a - +1 pair of boots {Fly}
Stlth    ++........             i - amulet of the acrobat
HPRegen  0.21/turn              d - ring "Fuadd" {+Inv rF++ MP+9 Stlth+}
MPRegen  0.30/turn              M - ring of poison resistance

@: flying, very slightly contaminated, invisible
A: no striking features
a: Renounce Religion, Evoke Blink, Stop Flying


You were on level 2 of the Orcish Mines.
You worshipped Vehumet.
Vehumet was exalted by your worship.
You were very hungry.

You visited 4 branches of the dungeon, and saw 22 of its levels.

You collected 2379 gold pieces.
You spent 444 gold pieces at shops.

Inventory:

Hand Weapons
 D - a +3 scythe of flaming
 G - the +5 quarterstaff of Reapportionment (weapon) {vorpal, rF++ Str+3 Int-2 SInv}
   (You found it on level 1 of the Lair of Beasts)

   It inflicts extra damage upon your enemies.
   It affects your strength (+3).
   It affects your intelligence (-2).
   It greatly protects you from fire.
   It lets you see invisible.
Armour
 a - a +1 pair of boots of flying (worn)
 n - a +1 helmet of intelligence (worn)
 o - the +1 robe of Polish {Regen+ Int-3 Dex+4}
   (You found it on level 4 of the Lair of Beasts)

   It affects your intelligence (-3).
   It affects your dexterity (+4).
   It increases your rate of regeneration.
 v - the +0 helmet of the Zebra {rPois rF- rCorr Int-2}
   (You bought it in a shop on level 5 of the Dungeon)

   It affects your intelligence (-2).
   It makes you vulnerable to fire.
   It protects you from poison.
   It provides partial protection from all sources of acid and corrosion.
 J - a +1 cloak (worn)
 N - a +2 leather armour of fire resistance
 O - the +7 ring mail "Zegeqiu" (worn) {+Blink}
   (You bought it in a shop on level 5 of the Dungeon)

   It lets you blink.
 R - a +2 robe of cold resistance
Magical Staves
 S - an uncursed staff of cold
Jewellery
 d - the ring "Fuadd" (left hand) {+Inv rF++ MP+9 Stlth+}
   (You found it on level 2 of the Lair of Beasts)

   [ring of magical power]

   It greatly protects you from fire.
   It affects your magic capacity (+9).
   It lets you turn invisible.
   It makes you more stealthy.
 f - a +6 ring of dexterity
 i - an amulet of the acrobat (around neck)
 m - an uncursed ring of fire
 A - a +4 ring of protection
 M - a ring of poison resistance (right hand)
 W - an uncursed ring of protection from magic
Wands
 r - a wand of clouds (3)
 w - a wand of digging (3)
 K - a wand of random effects (12)
 P - a wand of acid (11)
Scrolls
 b - 9 scrolls of remove curse
 e - 2 scrolls of amnesia
 h - 6 scrolls of teleportation
 p - a scroll of fog
 q - a scroll of acquirement
 s - 2 scrolls of enchant armour
 t - 2 scrolls of magic mapping
 x - a scroll of blinking
 y - a scroll of silence
 H - a scroll of enchant weapon
 I - 3 scrolls of identify
Potions
 g - 2 potions of stabbing
 j - 8 potions of curing
 k - 7 potions of haste
 l - 2 potions of berserk rage
 u - 4 potions of might
 z - 5 potions of cancellation
 C - a potion of invisibility
 E - 2 potions of mutation
 F - 2 potions of brilliance
 L - a potion of lignification
 Q - a potion of flight
Comestibles
 c - 47 rations


   Skills:
 + Level 3.5 Armour
 - Level 2.4 Dodging
 - Level 2.4 Stealth
 * Level 18.7 Spellcasting
 * Level 16.4 Conjurations
 - Level 9.0 Hexes
 + Level 8.4 Charms
 + Level 2.1 Summonings
 - Level 8.0 Translocations
   Level 6.4 Fire Magic
 + Level 5.9 Air Magic
 + Level 5.8 Evocations


You had 18 spell levels left.
You knew the following spells:

 Your Spells              Type           Power        Failure   Level  Hunger
a - Magic Dart            Conj           ####         0%          1    None
b - Spellforged Servitor  Conj/Summ      ######....   24%         7    ####...
c - Iskenderun's Mystic   Conj/Tloc      ######..     1%          4    None
d - Fulminant Prism       Conj/Hex       #######...   1%          4    None
j - Swiftness             Chrm/Air       ######..     1%          2    None
l - Lightning Bolt        Conj/Air       ######....   1%          5    None
o - Orb of Destruction    Conj           #######...   1%          7    ####...
z - Searing Ray           Conj           ######       0%          2    None

Your spell library contained the following spells:

 Spells                   Type           Power        Failure   Level  Hunger
 Corona                   Hex            ######.      1%          1    None
 Freeze                   Ice            ####         1%          1    None
 Shock                    Conj/Air       ####         1%          1    None
 Ensorcelled Hibernation  Hex/Ice        #####.       1%          2    None
 Confusing Touch          Hex            ######..     1%          3    None
 Dazzling Flash           Conj/Hex       ######       1%          3    None
 Gell's Gravitas          Tloc           ######....   1%          3    None
 Portal Projectile        Hex/Tloc       ######       1%          3    None
 Static Discharge         Conj/Air       ######..     1%          3    None
 Tukima's Dance           Hex            ######..     1%          3    None
 Airstrike                Air            ######....   1%          4    None
 Hailstorm                Conj/Ice       ######..     1%          4    None
 Ozocubu's Armour         Chrm/Ice       #####...     2%          3    None
 Beastly Appendage        Tmut           ####..       4%          1    None
 Frozen Ramparts          Ice            ####..       4%          3    None
 Yara's Violent Unravell  Hex/Tmut       #####.....   6%          5    None
 Sticks to Snakes         Tmut           ####....     8%          2    None
 Spider Form              Tmut/Pois      ####......   16%         3    None
 Metabolic Englaciation   Hex/Ice        #####.....   22%         5    None
 Dispersal                Tloc           ######....   28%         6    ##.....
 Summon Ice Beast         Ice/Summ       ####....     32%         4    None
 Ice Form                 Ice/Tmut       ####....     45%         4    None
 Petrify                  Tmut/Erth      ####....     45%         4    None
 Blade Hands              Tmut           ####......   80%         5    None
 Controlled Blink         Tloc           N/A          100%        8    ######.
 Disjunction              Tloc           ######....   100%        8    ######.


Dungeon Overview and Level Annotations

Branches:
Dungeon (13/15)            Temple (1/1) D:6            Lair (6/6) D:11
  Swamp (0/4) Lair:2       Spider (0/4) Lair:4        Slime (0/5) Lair:5
    Orc (2/2) D:12
    Elf: Orc:2       Vaults: D:13-14

Altars:
Ashenzari
Cheibriados
Dithmenos
Elyvilon
Fedhas
Gozag
Hepliaklqana
Kikubaaqudgha
Makhleb
Nemelex Xobeh
Okawaru
Qazlal
Ru
Sif Muna
Trog
Uskayaw
Vehumet
Wu Jian
Xom
Yredelemnul
Zin
The Shining One
Jiyva

Shops:
D:5 [   Orc:2 (:*

Annotations:
D:4 Pikel
D:8 2 transporters, Grum; protoss039's ghost, novice DEIE
D:9 exclusion: 2 downstairs
D:12 1 runed translucent door
Orc:2 3 runed translucent doors, lepoulpe303's ghost, journeyman SpEE


Message History

You feel your power returning.
You feel a bit more experienced.
The blast of energy engulfs the orc warrior!!
The orc warrior is severely wounded.
You hear a shout! x4
Okay, then.
Casting: Fulminant Prism (safe; 1% risk of failure)
Confirm with . or Enter, or press ? or * to list all spells.
Aiming: Lightning Bolt (dangerous; 1% risk of failure)
Press: ? - help, Shift-Dir - straight line, f - orc sorcerer
Aim: an orc sorcerer, wielding a +0 dagger and wearing a +2 robe (severely wounded)
You hear a mighty clap of thunder!
The bolt of lightning misses the orc warlord.
The bolt of lightning hits the orc sorcerer!!!
You kill the orc sorcerer!
Vehumet accepts your kill.
You feel your power returning.
The soul eater disappears in a puff of smoke!
You hear a shout!
The stone giant throws a large rock.
The large rock hits you!
You die...

.............##..
#...........# ..
##.....oo....# ...
#.....oo.o...# ....
.#...)o#Co.o.####...........
....$.#..)()..##.......8P....
....4..o)((.)..o............P
.......§..o)§.................
......###h.#.@........oo......
.....# ###.#.........o.P.....
..#.# #..$....#...oo....... .
## #........#P.P.....P.#
....#......P.oPP.....
##...........ho.......
###.........o.#......
#...P....P.........
P..P..P..........


You could see 2 orc warlords, a stone giant, an orc knight, 4 orc warriors, an
orc priest and 3 orcs.

Vanquished Creatures
  7 hydras
  Harold (D:10)
  3 catoblepae (Lair:6)
  6 death yaks (Lair:6)
  8 two-headed ogres
  An ogre mage (Orc:1)
  2 orc high priests (Orc:2)
  Sonja (Lair:3)
  A skeletal warrior (D:12)
  2 orc knights
  An obsidian statue (Lair:2)
  8 orc sorcerers
  4 ugly things
  3 manticores
  2 cyclopes (D:11)
  A centaur zombie (D:11)
  4 black mambas
  6 elephants (Lair:6)
  2 torpor snails (Lair:6)
  15 spiny frogs
  Maggie (D:9)
  2 rime drakes
  8 komodo dragons
  6 trolls
  2 polar bears (Lair:5)
  11 hippogriffs
  11 blink frogs
  A vampire (D:12)
  A wraith (D:11)
  3 wyverns
  53 yaks
  3 basilisks
  A hungry ghost (D:12)
  7 wargs
  11 water moccasins
  13 porcupines
  A phantom (D:9)
  23 orc warriors
  2 slaves (D:4)
  3 sky beasts
  6 ice beasts
  3 black bears
  6 necrophages
  23 ogres
  4 boggarts (Lair:5)
  36 wolves
  9 crocodiles
  5 centaurs
  2 big kobolds (D:9)
  15 bullfrogs
  8 scorpions
  7 killer bees
  6 wights
  3 vampire bats (D:3)
  8 crimson imps
  7 electric eels
  2 bullfrog zombies
  8 jellies
  20 orc wizards
  4 hounds
  2 centaur skeletons
  16 orc priests
  7 iguanas
  3 worker ants
  A hound zombie (D:6)
  2 hound skeletons
  Robin (D:4)
  6 worker ant zombies
  5 adders
  6 gnolls
  3 shadow imps
  12 white imps (D:12)
  8 oozes
  5 adder skeletons
  2 adder zombies
  3 worms
  2 dart slugs (D:1)
  3 leopard geckos
  59 orcs
  6 bats
  2 bat skeletons (D:3)
  5 bat zombies (D:3)
  6 giant cockroaches
  10 goblins
  11 hobgoblins
  8 jackals
  6 quokkas
  2 ball pythons (D:4)
  8 frilled lizards
  12 kobolds
  A quokka skeleton (D:4)
  A quokka zombie (D:5)
  9 rats
  9 fungi
  A plant (Lair:4)
666 creatures vanquished.

Vanquished Creatures (others)
  Fannar (D:12)
  5 dream sheep (D:8)
  A bullfrog skeleton (D:12)
  152 fulminant prisms
  14 fungi
  20 plants
193 creatures vanquished.

Grand Total: 859 creatures vanquished

Notes
Turn   | Place    | Note
-------+----------+-------------------------------------------
     0 | D:1      | lorenzova the Deep Elf Conjurer began the quest for the
                  | Orb.
     0 | D:1      | Reached XP level 1. HP: 10/10 MP: 6/6
   288 | D:1      | Reached XP level 2. HP: 15/15 MP: 5/8
   552 | D:1      | Learned a level 2 spell: Searing Ray
   875 | D:1      | Reached skill level 4 in Spellcasting
   878 | D:1      | Reached skill level 5 in Conjurations
   880 | D:1      | Reached XP level 3. HP: 19/19 MP: 1/10
  2033 | D:2      | Found a glowing silver altar of Zin.
  2034 | D:2      | Noticed an angel
  2059 | D:2      | Found a hide-covered altar of Uskayaw.
  2060 | D:2      | Noticed a +0 dagger
  2060 | D:2      | Noticed a +0 dagger
  2120 | D:2      | Reached XP level 4. HP: 24/24 MP: 7/12
  2478 | D:3      | Reached skill level 5 in Spellcasting
  2714 | D:3      | Reached XP level 5. HP: 28/28 MP: 8/14
  2987 | D:3      | Found an opulent altar of Gozag.
  3425 | D:3      | Found an ancient bone altar of Kikubaaqudgha.
  3431 | D:3      | Reached skill level 6 in Spellcasting
  3433 | D:3      | Reached XP level 6. HP: 32/32 MP: 6/17
  3648 | D:4      | Noticed Pikel
  3648 | D:4      | Noticed a slave
  3648 | D:4      | Noticed a slave
  3648 | D:4      | Noticed a slave
  3648 | D:4      | Noticed a slave
  3790 | D:4      | Reached skill level 7 in Spellcasting
  3868 | D:4      | Noticed Robin
  4024 | D:4      | Killed Robin
  4508 | D:4      | Found a sparkling altar of Nemelex Xobeh.
  4700 | D:4      | Killed a slave
  4873 | D:4      | Killed a slave
  5003 | D:4      | Found a stormy altar of Qazlal.
  5103 | D:4      | Found a basalt altar of Yredelemnul.
  5115 | D:4      | Found a glowing golden altar of the Shining One.
  5254 | D:4      | Noticed an angel
  5298 | D:5      | Entered Level 5 of the Dungeon
  5373 | D:5      | Reached XP level 7. HP: 36/36 MP: 15/19
  5391 | D:5      | Learned a level 4 spell: Iskenderun's Mystic Blast
  5396 | D:5      | Learned a level 4 spell: Fulminant Prism
  5788 | D:5      | Reached skill level 8 in Spellcasting
  5984 | D:5      | Found Geozxim's Antique Armour Boutique.
  6423 | D:5      | Bought a smouldering helmet for 228 gold pieces
  6429 | D:5      | Identified the cursed +0 helmet of the Zebra {rPois rF-
                  | rCorr Int-2} (You bought it in a shop on level 5 of the
                  | Dungeon)
  6668 | D:6      | Found a shadowy altar of Dithmenos.
  6701 | D:6      | Found a white marble altar of Elyvilon.
  6764 | D:6      | Reached skill level 1 in Hexes
  6928 | D:6      | Reached skill level 1 in Translocations
  7094 | D:6      | Reached XP level 8. HP: 41/41 MP: 15/22
  7281 | D:6      | Found a staircase to the Ecumenical Temple.
  7353 | Temple   | Entered the Ecumenical Temple
  7533 | Temple   | Became a worshipper of Vehumet
  7925 | D:6      | Reached skill level 9 in Spellcasting
  9026 | D:7      | Reached skill level 10 in Spellcasting
  9172 | D:7      | Noticed a hippogriff
  9176 | D:7      | Killed a hippogriff
  9220 | D:7      | Reached * piety under Vehumet
  9220 | D:7      | Offered knowledge of Sandblast by Vehumet.
  9347 | D:8      | Reached XP level 9. HP: 45/45 MP: 20/25
  9533 | D:8      | Found an ornate altar of the Wu Jian Council.
  9624 | D:8      | Found a transporter.
  9624 | D:8      | Noticed Grum
  9765 | D:8      | Identified the cursed +3 glaive of Ash {holy, rF- rN+ Int+2
                  | Dex+6}
  9765 | D:8      | Identified the amulet of the Skies Above {Faith +Fly Str+4
                  | Int+3 Stlth-}
  9829 | D:8      | Noticed protoss039's ghost (novice DEIE)
 10010 | D:8      | Reached skill level 5 in Hexes
 10064 | D:8      | Found a transporter.
 10298 | D:8      | Reached skill level 11 in Spellcasting
 10298 | D:8      | Reached skill level 10 in Conjurations
 10332 | D:8      | Found a shimmering altar of Xom.
 10643 | D:9      | Noticed Maggie
 10788 | D:9      | Killed Maggie
 10788 | D:9      | Reached skill level 5 in Translocations
 10849 | D:9      | Reached XP level 10. HP: 26/50 MP: 19/27
 10996 | D:9      | Noticed a two-headed ogre
 11005 | D:9      | Killed a two-headed ogre
 11005 | D:9      | Reached skill level 12 in Spellcasting
 11727 | D:9      | Reached ** piety under Vehumet
 11735 | D:9      | Offered knowledge of Foxfire by Vehumet.
 11738 | D:9      | Learned a level 1 spell: Foxfire
 12147 | D:10     | Entered Level 10 of the Dungeon
 12157 | D:10     | Noticed Harold
 12259 | D:10     | Reached skill level 13 in Spellcasting
 12263 | D:10     | Reached skill level 1 in Fire Magic
 12344 | D:10     | Noticed a two-headed ogre
 12362 | D:10     | Killed a two-headed ogre
 12827 | D:10     | Killed Harold
 12827 | D:10     | Reached XP level 11. HP: 24/54 MP: 18/30
 13549 | D:10     | Offered knowledge of Ignite Poison by Vehumet.
 13680 | D:11     | Reached *** piety under Vehumet
 14045 | D:11     | Reached skill level 14 in Spellcasting
 14088 | D:11     | Found a staircase to the Lair.
 14283 | D:11     | Noticed a brown ugly thing
 14292 | D:11     | Killed a brown ugly thing
 14404 | D:11     | Offered knowledge of Frozen Ramparts by Vehumet.
 14707 | D:11     | Noticed a six-headed hydra
 14714 | D:11     | Killed a six-headed hydra
 15187 | D:11     | Noticed a seven-headed hydra
 15417 | D:11     | Killed a seven-headed hydra
 16101 | D:5      | Bought a crude ring mail for 216 gold pieces
 16111 | D:5      | Identified the +7 ring mail "Zegeqiu" {+Blink} (You bought
                  | it in a shop on level 5 of the Dungeon)
 16391 | D:12     | Reached skill level 15 in Spellcasting
 16455 | D:12     | Noticed a brown ugly thing
 16460 | D:12     | Killed a brown ugly thing
 16460 | D:12     | Reached **** piety under Vehumet
 16460 | D:12     | Reached skill level 5 in Fire Magic
 16775 | D:12     | Reached XP level 12. HP: 55/59 MP: 19/33
 16973 | D:12     | Offered knowledge of Stone Arrow by Vehumet.
 17076 | D:12     | Noticed Fannar
 17099 | D:12     | Killed Fannar
 17269 | D:12     | Found a staircase to the Orcish Mines.
 17583 | D:12     | Found a runed translucent door.
 17591 | D:12     | Noticed an orc warlord
 17592 | D:12     | Noticed a yaktaur captain
 18266 | D:12     | Noticed an orc warlord
 18342 | D:13     | Reached skill level 16 in Spellcasting
 18399 | Lair:1   | Entered Level 1 of the Lair of Beasts
 18763 | Lair:1   | Learned a level 2 spell: Swiftness
 18769 | Lair:1   | Learned a level 5 spell: Lightning Bolt
 18838 | Lair:1   | Got an iridescent quarterstaff
 18839 | Lair:1   | Identified the +5 quarterstaff of Reapportionment {vorpal,
                  | rF++ Str+3 Int-2 SInv} (You found it on level 1 of the Lair
                  | of Beasts)
 19044 | Lair:1   | Reached skill level 1 in Charms
 19585 | Lair:1   | Identified a scroll of acquirement
 19585 | Lair:1   | Acquired a +1 pair of boots of flying
 19876 | Lair:2   | Reached skill level 1 in Air Magic
 20529 | Lair:2   | Reached ***** piety under Vehumet
 20667 | Lair:2   | Offered knowledge of Orb of Destruction by Vehumet.
 20676 | Lair:2   | Learned a level 7 spell: Orb of Destruction
 21068 | Lair:2   | Reached XP level 13. HP: 63/63 MP: 18/35
 21589 | Lair:2   | Got a fine lapis lazuli ring
 21712 | Lair:2   | Found a staircase to the Swamp.
 21897 | Lair:2   | You are sucked into a shaft and drop 2 floors!
 21951 | Lair:4   | Found a hole to the Spider Nest.
 21977 | Lair:4   | Reached skill level 1 in Evocations
 22422 | Lair:2   | Identified the ring "Fuadd" {+Inv rF++ MP+9 Stlth+} (You
                  | found it on level 2 of the Lair of Beasts)
 22491 | Lair:3   | Reached skill level 15 in Conjurations
 22599 | Lair:3   | Reached skill level 17 in Spellcasting
 22738 | Lair:3   | Noticed Sonja
 22743 | Lair:3   | Killed Sonja
 23117 | Lair:3   | Reached skill level 5 in Charms
 23343 | Lair:3   | Got a transparent helmet
 23354 | Lair:3   | Identified the +0 helmet "Xosaj" {-Cast rCorr Str+3 Dex+2}
                  | (You found it on level 3 of the Lair of Beasts)
 23831 | Lair:4   | Got an ancient robe
 23999 | Lair:4   | Identified the +1 robe of Polish {Regen+ Int-3 Dex+4} (You
                  | found it on level 4 of the Lair of Beasts)
 25409 | Lair:5   | Reached skill level 1 in Armour
 25683 | Lair:5   | Found a viscous altar of Jiyva.
 25684 | Lair:5   | Found a staircase to the Slime Pits.
 26055 | Lair:6   | Entered Level 6 of the Lair of Beasts
 26385 | Lair:6   | Reached XP level 14. HP: 63/68 MP: 37/37
 26954 | Lair:6   | Reached skill level 18 in Spellcasting
 27448 | Lair:6   | Reached skill level 5 in Air Magic
 28186 | Orc:1    | Entered Level 1 of the Orcish Mines
 28291 | D:12     | Reached skill level 5 in Evocations
 28714 | Orc:2    | Entered Level 2 of the Orcish Mines
 28728 | Orc:1    | Reached ****** piety under Vehumet
 28812 | Orc:1    | Offered knowledge of Spellforged Servitor by Vehumet.
 28920 | Orc:1    | Learned a level 7 spell: Spellforged Servitor
 29266 | Orc:1    | Reached skill level 1 in Summonings
 29420 | Orc:2    | Found Fuinlomi's General Store.
 29424 | Orc:2    | Found Haogrun's Book Emporium.
 29428 | Orc:2    | Found Doeweg's Antique Weapon Shoppe.
 29428 | Orc:2    | Found a runed translucent gate.
 29428 | Orc:2    | Found a runed translucent gate.
 29441 | Orc:2    | Noticed lepoulpe303's ghost (journeyman SpEE)
 29455 | Orc:2    | Found a runed translucent gate.
 29814 | Orc:2    | Noticed an orc warlord
 29815 | Orc:2    | Noticed a stone giant
 29824 | Orc:2    | Noticed an orc warlord
 29826 | Orc:2    | Hit by a large rock thrown by a stone giant

Illustrated notes

Levels and vault maps discovered:
D:1:      saegor_arrival_under_anarchy, layout_loops_ring
D:2:      layout_loops_ring, zin_angel, dancing_weapons_uskayaw,
          roderic_lattice_a, minmay_tetromino_s2
D:3:      layout_loops_ring, kennysheep_vampire_church, first_ration,
          grunt_gozag_statues
D:4:      minmay_opposing_rooms, layout_cave_pools,
          grunt_temple_overflow_holy_war, nicolae_overflow_crystal_walls,
          kennysheep_mini, uniq_robin, uniq_pikel
D:5:      layout_basic, serial_shops, shop
D:6:      layout_basic, lemuel_doored_altar, temple_pool_b, elyvilon_altar_3
D:7:      layout_loops_cross
D:8:      layout_loops_ring, lemuel_crystal_altar,
          gammafunk_ghost_gnarly_gnolls, kb_xom_exploding_sheep
D:9:      wad_river_or_something, layout_long_grid, uniq_maggie
D:10:     layout_basic, hangedman_little_slice_of_home, uniq_harold
D:11:     minmay_inner_zag, layout_basic, grunt_lair_entry_orc_guard_hut,
          serial_undead, serial_undead_f, serial_undead_e, serial_undead_a,
          serial_undead_c
D:12:     minmay_inside_and_out, layout_cave_pools, portal_ice_cave_entry_imps,
          chequers_serial_rivers_small_3, minivault_13, uniq_fannar
D:13:     layout_stronghold, kennysheep_just_a_vault
Temple:   minmay_temple_bridge_abc
Lair:1:   layout_chaotic_city, minivault_24, infiniplex_staircase_pool,
          serial_bayou_shore_a
Lair:2:   statuecave_lemuel, layout_regular_city, minmay_swamp_entry_eels,
          grunt_forest_large_clearings, grunt_megastairs_3, lemuel_fruit_fields,
          serial_bayou_shore_b
Lair:3:   layout_regular_city, grunt_megastairs_4, uniq_sonja
Lair:4:   layout_cave_pods, dummy_spider_entry, roderic_carrion_pond,
          grunt_megastairs_1, serial_bayou_shore_b, lemuel_fruit_fields
Lair:5:   layout_gridlike, slime_altar_1, kilobyte_rumbling_trees,
          grunt_megastairs_2, lemuel_fruit_fields
Lair:6:   evilmike_catoblepas_cave, layout_cave_shapes, lemuel_old_faithful
Orc:1:    lemuel_ogre_cave, layout_caves
Orc:2:    grunt_orc_gardens, layout_diamond_mine, grunt_orc_garden,
          grunt_orc_garden, grunt_orc_garden, grunt_orc_garden,
          gammafunk_ghost_split

Skill      XL: |  1  2  3  4  5  6  7  8  9 10 11 12 13 14 |
---------------+-------------------------------------------+-----
Spellcasting   | 4 5 6 7 8 10 11 13 15 16 17 18 | 18.7
Conjurations   | 5 6 7 8 9 10 12 13 14 15 16 | 16.4
Hexes          | 1 4 6 8 9 |  9.0
Translocations | 1 3 5 7 8 |  8.0
Fire Magic     | 2 5 6 |  6.4
Charms         | 3 6 8 |  8.4
Air Magic      | 2 4 5 |  5.9
Evocations     | 3 5 |  5.8
Armour         | 1 3 |  3.5
Summonings     | 2 |  2.1
Dodging        | |  2.4
Stealth        | |  2.4

Action                   |  1- 3 |  4- 6 |  7- 9 | 10-12 | 13-15 || total
-------------------------+-------+-------+-------+-------+-------++-------
Melee: Unarmed           |     8 |       |     1 |       |       ||     9
       Scythe            |       |       |     1 |    30 |     5 ||    36
       Staff             |       |       |       |     1 |       ||     1
       Quarterstaff      |       |       |       |       |    32 ||    32
 Cast: Magic Dart        |    79 |   123 |   187 |   251 |   117 ||   757
       Searing Ray       |       |    13 |    56 |   146 |   109 ||   324
       Fulminant Prism   |       |       |     5 |    41 |   106 ||   152
       Iskenderun's Myst |       |       |       |    47 |    70 ||   117
       Swiftness         |       |       |       |       |    11 ||    11
       Lightning Bolt    |       |       |       |       |    31 ||    31
       Orb of Destructio |       |       |       |       |     4 ||     4
 Abil: Evoke Blink       |       |       |       |     3 |     3 ||     6
       Evoke Invisibilit |       |       |       |       |     2 ||     2
  Use: Scroll            |       |     4 |    10 |    15 |     5 ||    34
       Potion            |       |       |       |       |     1 ||     1
 Stab: Sleeping          |       |       |     1 |     1 |       ||     2
       Distracted        |       |       |       |     1 |       ||     1
  Eat: Chunk             |     3 |     9 |    14 |    25 |    27 ||    78
       Ration            |       |       |     1 |     2 |       ||     3
Armor: Robe              |     8 |    14 |    13 |    22 |       ||    57
       Ring mail         |       |       |       |    56 |    61 ||   117
Dodge: Dodged            |    25 |    61 |    53 |   193 |   106 ||   438
